 Dungeon Crawl Stone Soup version 0.30-a0-847-g17996783a1 (webtiles) character file.

Game seed: 15501589648248922624

1198 jasper the Cleaver (level 8, -4/63 HPs)
             Began as a Hill Orc Monk on Mar 3, 2023.
             Slain by a wraith (10 damage)
             ... on level 6 of the Dungeon.
             The game lasted 00:06:28 (4395 turns).

jasper the Cleaver (Hill Orc Monk)                  Turns: 4395, Time: 00:06:29

Health: -4/63      AC: 10    Str: 13    XL:     8   Next: 44%
Magic:  8/8        EV: 12    Int: 10    God:
Gold:   1395       SH:  0    Dex: 18    Spells: 7/7 levels left

rFire   + . .      SeeInvis .    u - +6 whip of Regicide {holy, rCorr Str-3 Dex+5}
rCold   . . .      Faith    .    (no shield)
rNeg    . . .      Spirit   .    l - +1 chain mail
rPois   .          Reflect  .    (no helmet)
rElec   .          Rampage  .    (no cloak)
rCorr   +                        (no gloves)
Will    .....                    (no boots) Stlth
                                 (no amulet)
HPRegen 0.30/turn                g - +5 ring of evasion
MPRegen 0.11/turn                (no ring)

@: confused, mighty, lethally poisoned (-4 -> -11), ambrosia-drunk, attractive,
hasted, very quick
A: talons 1, fire resistance 1, frail 1
a: no special abilities


You were on level 6 of the Dungeon.
You visited 1 branch of the dungeon, and saw 6 of its levels.

You collected 1395 gold pieces.

Inventory:

Hand Weapons
 a - a +0 hand axe
 e - a +1 whip of freezing
 f - a +1 short sword of venom
 i - a +1 whip of electrocution
 u - the +6 whip of Regicide (weapon) {holy, rCorr Str-3 Dex+5}
   (You found it on level 4 of the Dungeon)

   Str:       It affects your strength (-3).
   Dex:       It affects your dexterity (+5).
   rCorr:     It protects you from acid and corrosion.
Missiles
 h - a throwing net
 r - 3 boomerangs (quivered)
Armour
 b - a +0 robe
 l - a +1 chain mail (worn)
Jewellery
 g - a +5 ring of evasion (left hand)
 m - a +5 ring of evasion
 o - a +6 ring of dexterity
Wands
 k - a wand of flame (16)
 t - a wand of charming (7)
 w - a wand of light (7)
Scrolls
 d - a scroll of enchant armour
 s - a scroll of poison
 x - a scroll of fog
 y - 2 scrolls of immolation {unknown}
 z - a scroll of identify
 A - a scroll of silence {unknown}


   Skills:
 + Level 6.9 Fighting
 * Level 10.0 Axes
 + Level 5.1 Armour
 - Level 2.4 Dodging
 - Level 1.5 Stealth


You had 7 spell levels left.
You didn't know any spells.
Your spell library contained the following spells:

 Spells                   Type           Power      Damage    Failure   Level
 Apportation              Tloc           0%         N/A       100%        1
 Necrotise                Necr           0%         1d4       100%        1
 Summon Small Mammal      Summ           0%         N/A       100%        1
 Ozocubu's Armour         Ice            0%         N/A       100%        3
 Tukima's Dance           Hex            0%         N/A       100%        3
 Passage of Golubria      Tloc           0%         N/A       100%        4
 Yara's Violent Unravell  Hex/Tmut       0%         3d3       100%        5
 Ozocubu's Refrigeration  Ice            0%         4d7       100%        7


Dungeon Overview and Level Annotations

Branches:
Dungeon (6/15)             Temple (0/1) D:5

Altars:
Nemelex Xobeh
Vehumet

Annotations:
D:4 3 runed translucent doors, Crazy Yiuf; Darkkill's ghost, novice MiHu
D:6 Grinder; Pikel


Innate Abilities, Weirdness & Mutations

You have sharp toenails.
Your flesh is heat resistant. (rF+)
You are frail. (-10% HP)


Message History

You are engulfed in poison gas.
You are more poisoned.
* * * LOW HITPOINT WARNING * * *
x2 You feel extremely sick.
You take 18 damage, and have 6/63 hp.
MASSIVE DAMAGE!!
You are confused.
You feel invigorated.
* * * LOW HITPOINT WARNING * * *
You feel extremely sick. The wraith hits you but does no damage.
You take 2 damage, and have 4/63 hp.
It was a potion of haste.
You feel yourself speed up.
* * * LOW HITPOINT WARNING * * *
You feel very sick. The wraith closely misses you.
You take 2 damage, and have 2/63 hp.
It was a potion of might.
You feel very mighty all of a sudden.
* * * LOW HITPOINT WARNING * * *
You feel very sick.
It was a potion of attraction.
You feel attractive to monsters.
* * * LOW HITPOINT WARNING * * *
You feel very sick. The wraith misses you.
You hit the wraith.
The wraith convulses.
You claw the wraith, but do no damage.
The wraith is moderately damaged.
* * * LOW HITPOINT WARNING * * *
You feel sick. The wraith barely misses you.
You bump into the rock wall.
* * * LOW HITPOINT WARNING * * *
You feel sick.
You bump into the rock wall.
* * * LOW HITPOINT WARNING * * *
You feel sick. The wraith closely misses you.
You're too confused to move!
* * * LOW HITPOINT WARNING * * *
You feel sick. The wraith hits you!
You die...

.. ..# #.# ..#####.# #.#
........# #.# ..#...# #.#
.....# #.# #.#.#...# #.#
...#......°# #.# ... ....#.#
#.# .... ....#@# #.# ...###
#...#'#.#W# #.#
...........#.#.#)# #.#
.#...#...#...#.#.# #.#
.#........##...#.##### #)#
.#.#.#............)†.# #)#
.#....[..#######.#.#########.#
.#.....# #.#...........#
.......# #.#############


You could see a wraith.

Vanquished Creatures
  Sigmund (D:5)
  Edmund (D:6)
  A black bear (D:3)
  An ogre (D:5)
  A phantom (D:6)
  2 scorpions
  3 hounds
  3 jellies
  3 gnoll boudas
  2 sleepcaps (D:6)
  Ijyb (D:4)
  An iguana (D:5)
  11 gnolls
  3 adders
  An ufetubus (D:5)
  6 orcs
  4 endoplasms
  A giant cockroach (D:3)
  3 goblins
  4 hobgoblins
  6 jackals
  3 quokkas
  7 ball pythons
  2 bats
  5 frilled lizards
  6 kobolds
  5 rats
87 creatures vanquished.

Vanquished Creatures (others)
  8 plants (D:6)
8 creatures vanquished.

Grand Total: 95 creatures vanquished

Notes
Turn   | Place    | Note
-------+----------+-------------------------------------------
     0 | D:1      | jasper the Hill Orc Monk began the quest for the Orb.
     0 | D:1      | Reached XP level 1. HP: 19/19 MP: 1/1
   246 | D:1      | Reached XP level 2. HP: 27/27 MP: 2/2
   845 | D:2      | Reached skill level 1 in Armour
   865 | D:2      | Reached XP level 3. HP: 33/33 MP: 3/3
   899 | D:3      | Gained mutation: You have sharp toenails. [potion of
                  | mutation]
   899 | D:3      | Gained mutation: You are frail. (-10% HP) [potion of
                  | mutation]
   899 | D:3      | Gained mutation: Your flesh is heat resistant. (rF+)
                  | [potion of mutation]
   937 | D:3      | Reached skill level 5 in Axes
  1158 | D:3      | Noticed a scorpion
  1169 | D:3      | Killed a scorpion
  1170 | D:3      | Reached XP level 4. HP: 36/36 MP: 4/4
  1179 | D:3      | Noticed a black bear
  1209 | D:3      | Killed a black bear
  1210 | D:3      | Reached skill level 6 in Axes
  1210 | D:3      | Reached XP level 5. HP: 21/42 MP: 5/5
  1744 | D:3      | Identified a scroll of acquirement
  1744 | D:3      | Acquired 1062 gold pieces
  1820 | D:4      | Reached skill level 5 in Fighting
  1825 | D:4      | Reached XP level 6. HP: 43/50 MP: 6/6
  1881 | D:4      | Reached skill level 7 in Axes
  2477 | D:4      | Found a runed translucent door.
  2478 | D:4      | Noticed Crazy Yiuf
  2506 | D:4      | Noticed Ijyb
  2511 | D:4      | Killed Ijyb
  2529 | D:4      | Found a large runed translucent door.
  2529 | D:4      | Found a large runed translucent door.
  2751 | D:4      | Identified the +6 whip of Regicide {holy, rCorr Str-3
                  | Dex+5}
  2995 | D:4      | Noticed Darkkill's ghost (novice MiHu)
  3020 | D:5      | Entered Level 5 of the Dungeon
  3071 | D:5      | Noticed Sigmund
  3079 | D:5      | Killed Sigmund
  3080 | D:5      | Reached skill level 8 in Axes
  3080 | D:5      | Reached XP level 7. HP: 40/55 MP: 7/7
  3334 | D:5      | Found a sparkling altar of Nemelex Xobeh.
  3414 | D:5      | Found a staircase to the Ecumenical Temple.
  3597 | D:5      | Found a radiant altar of Vehumet.
  3709 | D:6      | Noticed Grinder
  3993 | D:6      | Reached skill level 9 in Axes
  4040 | D:6      | Noticed Pikel
  4048 | D:6      | Reached XP level 8. HP: 57/63 MP: 8/8
  4050 | D:6      | Noticed a wraith
  4349 | D:6      | Noticed Edmund
  4379 | D:6      | Killed Edmund
  4380 | D:6      | Reached skill level 5 in Armour
  4387 | D:6      | Reached skill level 10 in Axes
  4389 | D:6      | HP: 2/63 [poisoned by you (poison gas)]
  4395 | D:6      | Slain by a wraith

Illustrated notes

Levels and vault maps discovered:
D:1:      psy_arrival_statuary, layout_loops_ring
D:2:      layout_basic, serial_undead, serial_undead_c, serial_undead_c,
          serial_undead_d, serial_undead_a, minmay_pentomino_u4
D:3:      layout_basic
D:4:      layout_loops_corners, ebering_ghost_disaster_area,
          nicolae_underground_beach, uniq_crazy_yiuf_cottage, uniq_ijyb
D:5:      layout_loops_ring, vehumet_crystals, mainiacjoe_overflow_chevrons,
          minmay_temple_entry_antechambers, uniq_sigmund
D:6:      layout_basic, hangedman_decor_lopped, serial_bayou_pond_c, uniq_pikel,
          uniq_edmund, uniq_grinder

Skill      XL: |  1  2  3  4  5  6  7  8 |
---------------+-------------------------+-----
Armour         | 1 2 3 4 5 |  5.1
Fighting       | 4 5 6 |  6.9
Axes           | 5 6 8 9 10 | 10.0
Dodging        | |  2.4
Stealth        | |  1.5

Action                     |  1- 3 |  4- 6 |  7- 9 || total
---------------------------+-------+-------+-------++-------
  Melee: Whip              |    76 |       |     7 ||    83
         Hand axe          |     4 |       |       ||     4
         Short sword       |    38 |   110 |    93 ||   241
         Kick              |     8 |    42 |    37 ||    87
         Punch             |       |     2 |       ||     2
  Throw: Boomerang         |       |    10 |     6 ||    16
    Use: Potion            |     1 |     2 |     9 ||    12
         Scroll            |       |     5 |     2 ||     7
   Stab: Sleeping          |     1 |       |       ||     1
 Armour: Robe              |     6 |       |       ||     6
         Chain mail        |    37 |    43 |    50 ||   130
  Dodge: Dodged            |   100 |    89 |    75 ||   264

Table legend: (Time is in decaauts)
 A = Elapsed time spent in this place.
 B = Non-inter-level travel time spent in this place.
 C = Inter-level travel time spent in this place.
 D = Time resting spent in this place.
 E = Time spent auto-exploring this place.
 F = Levels seen in this place.
 G = Mean time per level.
                   A        B        C        D        E       F      G
               +--------+--------+--------+--------+--------+-----+--------+
         Total |   4401 |   4249 |    152 |    249 |   3068 |   6 |  733.5 |
       Dungeon |   4401 |   4249 |    152 |    249 |   3068 |   6 |  733.5 |
               +--------+--------+--------+--------+--------+-----+--------+

Top non-repeatable levels by time:
     D:4: 1253 daAuts
     D:3: 894 daAuts
     D:1: 812 daAuts
     D:5: 736 daAuts
     D:6: 644 daAuts
     D:2: 60 daAuts
